 Dungeon Crawl Stone Soup version 0.24-a0-70-gf44d0c5 (webtiles) character file.

Game seed: 18148589670106883334

1066 BrianDamage the Conjurer (level 8, -11/66 HPs)
             Began as a Black Draconian Conjurer on Feb 6, 2019.
             Was a Follower of Vehumet.
             Mangled by an ogre
             ... wielding a +0 giant club
              (16 damage)
             ... on level 5 of the Dungeon.
             The game lasted 00:18:13 (5911 turns).

BrianDamage the Conjurer (Black Draconian Conjurer) Turns: 5911, Time: 00:18:14

Health: -11/66     AC:  7    Str: 10    XL:     8   Next: 7%
Magic:  14/14      EV: 14    Int: 16    God:    Vehumet [*.....]
Gold:   282        SH:  0    Dex: 14    Spells: 8/15 levels left

rFire    . . .     SeeInvis .   d - +0 war axe (elec)
rCold    . . .     Gourm    .   (no shield)
rNeg     . . .     Faith    .   (armour unavailable)
rPois    .         Spirit   .   (helmet restricted)
rElec    +         Reflect  .   p - +0 cloak
rCorr    .         Harm     .   (no gloves)
MR       .....                  (no boots)
Stlth    ++........             o - amulet of magic regeneration
HPRegen  0.21/turn              w - +2 ring of evasion
MPRegen  0.39/turn              (no ring)

@: very slightly contaminated, invisible
A: breathe lightning, unfitting armour, electricity resistance, cold-blooded, AC
+6
a: Breathe Lightning, Renounce Religion


You were on level 5 of the Dungeon.
You worshipped Vehumet.
Vehumet was aware of your devotion.
You were hungry.

You visited 2 branches of the dungeon, and saw 6 of its levels.

You collected 282 gold pieces.

Inventory:

Hand Weapons
 d - a +0 war axe of electrocution (weapon)
 f - a +0 spear
 t - a +0 blowgun
Missiles
 a - 4 javelins (quivered)
 u - 55 poisoned needles
 v - 2 tomahawks
Armour
 p - a +0 cloak (worn)
Jewellery
 o - an amulet of magic regeneration (around neck)
 w - a +2 ring of evasion (left hand)
Wands
 r - a wand of digging (6)
Scrolls
 c - a scroll of magic mapping {unknown}
 h - a scroll of teleportation {unknown}
 j - a scroll of blinking {unknown}
 k - a scroll of immolation {unknown}
 l - 4 scrolls of remove curse
 s - a scroll of enchant armour {unknown}
Potions
 e - a potion of flight
 g - 2 potions of resistance
 i - 2 potions of heal wounds
 m - 2 potions of curing
Comestibles
 b - 10 rations


   Skills:
 + Level 3.7 Fighting
 + Level 5.3 Axes
 - Level 0.4(3.3) Polearms
 - Level 1.7 Dodging
 - Level 1.8 Stealth
 * Level 4.4 Spellcasting
 * Level 6.3 Conjurations


You had 8 spell levels left.
You knew the following spells:

 Your Spells              Type           Power        Failure   Level  Hunger
a - Magic Dart            Conj           ###.         1%          1    None
b - Searing Ray           Conj           ###...       1%          2    ##.....
c - Iskenderun's Mystic   Conj           ###.....     12%         4    ####...

Your spell library contained the following spells:

 Spells                   Type           Power        Failure   Level  Hunger
 Flame Tongue             Conj/Fire      ##...        4%          1    None
 Dazzling Spray           Conj/Hex       ##....       13%         3    ###....
 Corona                   Hex            #......      16%         1    None
 Ensorcelled Hibernation  Hex/Ice        #.....       24%         2    ##.....
 Force Lance              Conj/Tloc      ##......     41%         4    ####...
 Fulminant Prism          Conj/Hex       ##........   41%         4    ####...
 Confuse                  Hex            #.......     43%         3    ###....
 Tukima's Dance           Hex            #.......     43%         3    ###....
 Malign Gateway           Summ/Tloc      #.........   100%        7    #######
 Monstrous Menagerie      Summ           #.........   100%        7    #######
 Summon Greater Demon     Summ           #.........   100%        7    #######
 Summon Horrible Things   Summ           #.........   100%        8    #######


Dungeon Overview and Level Annotations

Branches:
Dungeon (5/15)             Temple (1/1) D:4

Altars:
Ashenzari
Dithmenos
Elyvilon
Fedhas
Gozag
Hepliaklqana
Makhleb
Nemelex Xobeh
Okawaru
Ru
Sif Muna
Trog
Uskayaw
Vehumet
Yredelemnul
Zin
The Shining One
Beogh

Shops:
D:4 [   D:5 %

Annotations:
D:2 exclusion: downstairs
D:4 exclusion: 2 downstairs


Innate Abilities, Weirdness & Mutations

You can breathe wild blasts of lightning.
Your glossy black scales are hard. (AC +6)
You cannot fit into any form of body armour.
You are resistant to electric shocks. (rElec)
You are cold-blooded and may be slowed by cold attacks.


Message History

Vehumet accepts your kill.
You have reached level 8!
You feel agile.
Things that are here:
a +0 mace; 31 stones There isn't anything to butcher here.
Things that are here:
a +0 dagger; a +0 robe There isn't anything to butcher here.
There is an open door here.
You see here 13 stones.
A giant cockroach comes into view.
All of the chunks of flesh in your inventory have rotted away.
The ogre hits you with a +0 giant club!!
* * * LOW HITPOINT WARNING * * *
You catch the helpless ogre completely off-guard!
You hit the ogre.
The ogre is lightly wounded.
The ogre hits you with a +0 giant club!
You die...

#######.#########
#............#..
.....###......#.#.#
... ##.>.#.#.#.####.#
. #.s##......s...# #.
#..####.#.##.... .#
#.a####.#.# # ..
#...(...#.. #.#
##.@O#######. #.####
##.....## ..
###.##.######.......##
..
......)...##(........#
...
....).))...'.........+
.##..)†.#.##.........#
.##.#...#.###.......##
.##.#.#.#.# ##.....##
.##.#.#.#.# ##...##


You could see an ogre, a worker ant (wandering) and a giant cockroach
(wandering).

Vanquished Creatures
  Edmund (D:4)
  An orc warrior (D:5)
  An ogre (D:4)
  A phantom (D:5)
  2 scorpions
  A centaur zombie (D:4)
  A crimson imp (D:4)
  A hound (D:4)
  2 bullfrog skeletons
  2 orc priests
  2 orc wizards (D:5)
  2 worker ants (D:4)
  Terence (D:2)
  A worker ant zombie (D:5)
  9 adders
  2 oozes
  An adder zombie (D:5)
  A worm (D:2)
  4 dart slugs
  2 leopard geckos
  22 orcs
  5 bats
  10 giant cockroaches
  9 goblins
  6 hobgoblins
  11 jackals
  A ball python (D:2)
  5 frilled lizards
  5 kobolds
  10 rats
122 creatures vanquished.

Notes
Turn   | Place    | Note
-------+----------+-------------------------------------------
     0 | D:1      | BrianDamage the Draconian Conjurer began the quest for the
                  | Orb.
     0 | D:1      | Reached XP level 1. HP: 14/14 MP: 3/3
    94 | D:1      | Found a roughly hewn altar of Beogh.
    94 | D:1      | Noticed an orc priest
    94 | D:1      | Noticed an orc wizard
    96 | D:1      | Noticed an orc warrior
   351 | D:1      | Reached XP level 2. HP: 20/20 MP: 5/5
  1088 | D:1      | Reached XP level 3. HP: 25/26 MP: 6/6
  1896 | D:2      | Noticed Terence
  1901 | D:2      | Learned a level 2 spell: Searing Ray
  1910 | D:2      | Killed Terence
  1910 | D:2      | Reached skill level 1 in Fighting
  1910 | D:2      | Reached skill level 5 in Conjurations
  1910 | D:2      | Reached XP level 4. HP: 16/35 MP: 2/7
  2382 | D:2      | Found a deep blue altar of Sif Muna.
  2705 | D:3      | Reached skill level 1 in Axes
  2907 | D:3      | Reached XP level 5. HP: 41/41 MP: 9/9
  3189 | D:3      | Found a radiant altar of Vehumet.
  3373 | D:3      | Learned a level 4 spell: Iskenderun's Mystic Blast
  3641 | D:3      | Noticed a two-headed ogre
  3923 | D:4      | Found a staircase to the Ecumenical Temple.
  4001 | Temple   | Entered the Ecumenical Temple
  4104 | D:3      | Became a worshipper of Vehumet
  4234 | D:4      | Reached XP level 6. HP: 41/49 MP: 10/10
  4332 | D:4      | Found Viaca's Antique Armour Shop.
  4600 | D:4      | Noticed Edmund
  4615 | D:4      | Killed Edmund
  4615 | D:4      | Your scales start taking on a glossy black colour.
  4615 | D:4      | Reached XP level 7. HP: 52/57 MP: 3/12
  4615 | D:4      | Gained mutation: You are resistant to electric shocks.
                  | (rElec) [Black Draconian growth]
  5023 | D:4      | Reached skill level 6 in Conjurations
  5232 | D:5      | Entered Level 5 of the Dungeon
  5255 | D:5      | Found an iron altar of Okawaru.
  5647 | D:5      | Reached * piety under Vehumet
  5647 | D:5      | Offered knowledge of Flame Tongue by Vehumet.
  5678 | D:5      | Found Ruxye's Food Boutique.
  5885 | D:5      | HP: 1/57 [orc warrior/+0 glaive (4)]
  5888 | D:5      | Reached skill level 5 in Axes
  5899 | D:5      | Reached XP level 8. HP: 26/66 MP: 14/14
  5911 | D:5      | Mangled by an ogre

Vault maps used:
D:1:      erik_arrival_cave_to_civilisation [erik_arrival_cave_to_temple],
          layout_basic, minmay_vboxes
D:2:      layout_basic, lemuel_round_altar, uniq_terence
D:3:      layout_loops_cross, old_standard_altar
D:4:      layout_loops_corners, minmay_temple_entry_crystal_x, serial_shops,
          nicolae_shop_stone, first_ration, uniq_edmund
D:5:      layout_loops_corners, lemuel_crystal_altar, marbit_many_paths,
          serial_shops, nicolae_shop_temple_entry_statues_fountains,
          minmay_holes, guppyfry_early_orc_mine
Temple:   zaba_magenta_temple

Skill      XL: |  1  2  3  4  5  6  7 |
---------------+----------------------+-----
Fighting       | 1 2 3 |  3.7
Conjurations   | 5 6 |  6.3
Axes           | 1 2 4 5 |  5.3
Spellcasting   | 3 4 |  4.4
Polearms       | |  0.4
Dodging        | |  1.7
Stealth        | |  1.8

Action                   |  1- 3 |  4- 6 |  7- 9 || total
-------------------------+-------+-------+-------++-------
Melee: Spear             |    62 |       |       ||    62
       Tailslap          |     8 |     6 |     5 ||    19
       War axe           |    24 |   112 |    65 ||   201
 Cast: Magic Dart        |    25 |    44 |    16 ||    85
       Searing Ray       |     1 |     2 |     2 ||     5
       Iskenderun's Myst |       |     4 |       ||     4
  Use: Potion            |     1 |       |     2 ||     3
       Scroll            |       |     4 |     2 ||     6
 Stab: Sleeping          |     2 |     2 |     1 ||     5
       Invisible         |       |       |     3 ||     3
  Eat: Chunk             |     4 |     8 |     5 ||    17
Armor: Skin              |    45 |    32 |    25 ||   102
Dodge: Dodged            |    38 |    90 |    48 ||   176

Table legend:
 A = Non-vault XP
 B = Vault XP
 C = Vault XP percentage of total XP
 D = Non-vault monster count
 E = Vault monster count
 F = Vault count percentage of total count
                 A         B        C        D         E       F
            +---------+---------+-------+---------+---------+-------
      Total |     964 |     560 |  36.7 |     103 |      19 |  15.6
            +---------+---------+-------+---------+---------+-------
        D:1 |      26 |      17 |  39.5 |      14 |       9 |  39.1
        D:2 |      36 |      32 |  47.1 |      15 |       1 |   6.2
        D:3 |     159 |       0 |   0.0 |      36 |       0 |   0.0
        D:4 |     544 |     166 |  23.4 |      28 |       1 |   3.4
        D:5 |     199 |     345 |  63.4 |      10 |       8 |  44.4
            +---------+---------+-------+---------+---------+-------
